 Seeded DCSS version 0.29.0-4-gdea44cf6ec (webtiles) character file.

Game seed: 7418951958025570837 (custom seed)

122992 voltaire321 the Skirmisher (level 16, -5/129 HPs)
             Began as a Gnoll Hunter on Aug 27, 2022.
             Was the Champion of Makhleb.
             Killed from afar by a thorn hunter (23 damage)
             ... with a volley of thorns
             ... on level 1 of the Swamp on Aug 28, 2022.
             The game lasted 01:42:26 (28720 turns).

voltaire321 the Skirmisher (Gnoll Hunter)          Turns: 28720, Time: 01:42:27

Health: -5/129     AC: 27    Str: 22      XL:     16   Next: 89%
Magic:  31/31      EV: 21    Int: 13 (16) God:    Makhleb [******]
Gold:   904        SH:  5    Dex: 24      Spells: 20/38 levels left

rFire   . . .      SeeInvis .   b - +2 triple sword (venom)
rCold   + . .      Faith    .   (shield currently unavailable)
rNeg    . . .      Spirit   .   M - +3 chain mail of Dopp {Will+ rCorr Str+4}
rPois   .          Reflect  +   B - +2 helmet
rElec   +          Harm     .   E - +0 cloak
rCorr   +          Rampage  .   r - +1 pair of gloves
Will    +++..                   P - +3 pair of boots "Uthrom" {Will+}
Stlth   ++........              z - amulet "Fuptysal" {Reflect Int+7 Dex+5 SH+5}
HPRegen 0.31/turn               K - +4 ring of evasion
MPRegen 0.22/turn               g - ring of Kadaedair {rElec rC+ Str+3}

@: mighty
A: fangs 1, strong nose, distributed training
a: Renounce Religion, Minor Destruction, Lesser Servant of Makhleb, Major
Destruction, Greater Servant of Makhleb


You were on level 1 of the Swamp.
You worshipped Makhleb.
Makhleb was exalted by your worship.
You visited 5 branches of the dungeon, and saw 24 of its levels.
You also visited: Bailey and Volcano.

You collected 2721 gold pieces.
You spent 1817 gold pieces at shops.

Inventory:

Hand Weapons
 a - the +4 arbalest of Proximity {penet, rPois rC+ Will+}
   (You found it on level 2 of the Lair of Beasts)

   Any ammunition fired by it passes through the targets it hits, potentially
   hitting all targets in its path until it reaches maximum range.
   rC:        It protects you from cold.
   rPois:     It protects you from poison.
   Will:      It increases your willpower.
 b - a +2 triple sword of venom (weapon)
 q - a +1 triple crossbow of electrocution
 X - a +2 scimitar of flaming
Missiles
 H - 14 curare-tipped darts
Armour
 r - a +1 pair of gloves (worn)
 B - a +2 helmet (worn)
 E - a +0 cloak (worn)
 F - a +1 chain mail of fire resistance
 M - the +3 chain mail of Dopp (worn) {Will+ rCorr Str+4}
   (You bought it in a shop on level 1 of the Orcish Mines)

   Str:       It affects your strength (+4).
   rCorr:     It protects you from acid and corrosion.
   Will:      It increases your willpower.
 P - the +3 pair of boots "Uthrom" (worn) {Will+}
   (You bought it in a shop on level 1 of the Orcish Mines)

   Will:      It increases your willpower.
Jewellery
 g - the ring of Kadaedair (right hand) {rElec rC+ Str+3}
   (You acquired it on level 1 of the Orcish Mines)

   [ring of protection from cold]

   Str:       It affects your strength (+3).
   rC:        It protects you from cold.
   rElec:     It insulates you from electricity.
 z - the amulet "Fuptysal" (around neck) {Reflect Int+7 Dex+5 SH+5}
   (You bought it in a shop on level 2 of the Orcish Mines)

   [amulet of reflection]

   It reflects blocked missile attacks.
   Int:       It affects your intelligence (+7).
   Dex:       It affects your dexterity (+5).
   SH:        It affects your SH (+5).
 G - a ring of positive energy
 K - a +4 ring of evasion (left hand)
 N - a ring of protection from fire
Wands
 u - a wand of roots (14) (quivered)
 L - a wand of mindburst (13)
 Q - a wand of light (21)
 Z - a wand of flame (25)
Scrolls
 e - a scroll of enchant armour
 f - a scroll of blinking
 m - 7 scrolls of amnesia
 n - 11 scrolls of teleportation
 p - 9 scrolls of butterflies
 s - 4 scrolls of poison
 t - 2 scrolls of brand weapon
 y - 6 scrolls of fear
 O - a scroll of silence
 R - 3 scrolls of enchant weapon
Potions
 c - 11 potions of curing
 d - 4 potions of haste
 h - 4 potions of invisibility
 j - 5 potions of cancellation
 k - 4 potions of mutation
 l - 2 potions of might
 v - a potion of berserk rage
 w - a potion of resistance
 x - 7 potions of flight
 C - 11 potions of brilliance
 D - 3 potions of magic
 I - 6 potions of heal wounds
 J - a potion of ambrosia
 S - 4 potions of lignification
Miscellaneous
 i - a phial of floods
 T - a phantom mirror


   Skills:
 + Level 12.4 Fighting
 + Level 11.5 Short Blades
 + Level 11.5 Long Blades
 + Level 11.5 Axes
 + Level 11.5 Maces & Flails
 + Level 11.5 Polearms
 + Level 11.5 Staves
 + Level 14.1 Ranged Weapons
 + Level 11.5 Throwing
 + Level 11.5 Armour
 + Level 12.4 Dodging
 + Level 11.8 Stealth
 + Level 11.5 Shields
 + Level 11.5 Unarmed Combat
 + Level 11.5 Spellcasting
 + Level 9.8 Conjurations
 + Level 9.8 Hexes
 + Level 9.8 Summonings
 + Level 9.8 Necromancy
 + Level 9.8 Translocations
 + Level 9.8 Transmutations
 + Level 9.8 Fire Magic
 + Level 9.8 Ice Magic
 + Level 9.8 Air Magic
 + Level 9.8 Earth Magic
 + Level 9.8 Poison Magic
 + Level 12.5 Invocations
 + Level 11.5 Evocations


You had 20 spell levels left.
You knew the following spells:

 Your Spells              Type           Power      Damage    Failure   Level
a - Passwall              Tmut/Erth      27%        N/A       1%          2
b - Frozen Ramparts       Ice            66%        1d10      2%          3
c - Swiftness             Air            33%        N/A       2%          3
d - Portal Projectile     Hex/Tloc       66%        N/A       2%          3
e - Olgreb's Toxic Radia  Pois           33%        N/A       10%         4
f - Ignite Poison         Fire/Tmut/Pois 33%        N/A       2%          3

Your spell library contained the following spells:

 Spells                   Type           Power      Damage    Failure   Level
 Ensorcelled Hibernation  Hex/Ice        66%        N/A       1%          2
 Scorch                   Fire           66%        2d8       1%          2
 Dazzling Flash           Conj/Hex       66%        N/A       2%          3
 Mephitic Cloud           Conj/Pois/Air  33%        N/A       2%          3
 Summon Guardian Golem    Hex/Summ       33%        N/A       2%          3
 Flame Wave               Conj/Fire      33%        2d10      10%         4
 Hailstorm                Conj/Ice       33%        3d8       10%         4
 Ice Form                 Ice/Tmut       33%        N/A       10%         4
 Agony                    Necr           33%        N/A       26%         5
 Freezing Cloud           Conj/Ice/Air   16%        6-21      26%         5
 Iskenderun's Battlesphe  Conj           33%        2d9       26%         5
 Silence                  Hex/Air        16%        N/A       26%         5
 Iron Shot                Conj/Erth      16%        9d4       82%         6
 Simulacrum               Ice/Necr       16%        N/A       82%         6
 Summon Cactus Giant      Summ           16%        N/A       82%         6
 Ozocubu's Refrigeration  Ice            16%        4d11      100%        7
 Spellforged Servitor     Conj/Summ      16%        N/A       100%        7
 Ignition                 Fire           16%        3d7       100%        8


Dungeon Overview and Level Annotations

Branches:
Dungeon (15/15)            Temple (1/1) D:5            Lair (5/5) D:8
  Swamp (1/4) Lair:2        Snake (0/4) Lair:3        Slime (0/5) Lair:5
    Orc (2/2) D:11            Elf (0/3) Orc:2        Vaults (0/5) D:14
 Depths (0/4) D:15         Bailey (visited)         Volcano (visited)

Altars:
Ashenzari
Cheibriados
Dithmenos
Elyvilon
Fedhas
Gozag
Hepliaklqana
Kikubaaqudgha
Makhleb
Nemelex Xobeh
Okawaru
Qazlal
Ru
Sif Muna
Trog
Uskayaw
Vehumet
Wu Jian
Xom
Yredelemnul
Zin
The Shining One
Lugonu

Shops:
D:2 ?   Orc:1 [   Orc:2 ([*=

Portals:
Abyss: Lair:5

Annotations:
Swamp:1 1 transporter, exclusion: orange crystal statue


Innate Abilities, Weirdness & Mutations

You have very sharp teeth.
Your uncanny sense of smell can sniff out nearby items.
Your experience applies equally to all skills.


Message History

The ghoul claws you! The ghoul completely misses you.
The ghoul closely misses you. The ghoul completely misses you.
You barely miss the spriggan air mage.
The spriggan air mage is severely wounded.
The thorn hunter gestures.
Thorny briars emerge from the ground!
The thorn hunter fires a volley of thorns at you.
The volley of thorns hits you!!
The spriggan air mage waves its arms in wide circles.
The air twists around and strikes you. The ghoul completely misses you.
The ghoul claws you but does no damage. The ghoul misses you.
The ghoul claws you but does no damage. x2; The ghoul completely misses you.
The thorn hunter barely misses you. The thorn hunter hits you!
The thorn hunter misses you.
The thorn hunter hits you but does no damage.
You barely miss the spriggan air mage.
The spriggan air mage is severely wounded.
The thorn hunter hits the briar patch but does no damage.
The thorn hunter hits the briar patch!
The spriggan air mage waves its arms in wide circles.
The air twists around and strikes you. The thorn hunter hits you!
* * * LOW HITPOINT WARNING * * *
The thorn hunter completely misses you.
The thorn hunter fires a volley of thorns at you.
The volley of thorns hits you!
* * * LOW HITPOINT WARNING * * *
The ghoul completely misses you. You block the ghoul's attack.
The ghoul claws you but does no damage. x3; The ghoul barely misses you.
The orange crystal statue fixes its piercing gaze on you.
Something tries to feed on your intellect!
You block the alligator's attack.
The alligator tail-slaps you but does no damage.
The thorn hunter hits the briar patch.
The thorn hunter hits the briar patch!
The briar patch is destroyed!
The spriggan air mage completely misses you.
You completely miss the spriggan air mage.
The spriggan air mage is severely wounded.
The thorn hunter fires a volley of thorns at you.
The volley of thorns hits you!!
You die...

♣♣..~~.~.~~.~........♣♣
♣~~..~.....~.~.....♣♣♣
♣♣~..~..~PPPPPP~..~.♣♣♣♣♣
♣.[~♣~♣..PPPPPP~~...~♣♣~♣
♣♣......©....P♣.~.~~.♣...
♣..#########PP~§~...~..~
♣.##8.....8##P♣.~♣~~..~~
♣.#...nni.).#P♣♣..♣..~~~
♣.#..xn@f...#...~~♣~~~~~
♣.#...ft....#..~§..~♣♣..
♣.#....8....#).~~~.♣♣♣.~
♣.#.PPP.PPPP#.~~~.♣♣ ♣..
♣.#..PfPPPP.#.~~~.~♣♣♣♣♣
♣.#..$[$=$..#.§~..~♣♣~♣♣
♣.##8$)©)!8##.~.......♣♣
♣..#########..♣...~§§.♣♣
♣♣.....©.....♣♣~..~~~.♣.


You could see 3 ghouls, 3 thorn hunters, a bunyip (summoned), an alligator
(summoned), an orange crystal statue and a spriggan air mage (repels missiles,
very poisoned).

Vanquished Creatures
  An orc warlord (Orc:1)
  A stone giant (D:15)
  An eleionoma (Swamp:1)
  Josephine (D:10)
  2 fire dragons
  A ghost crab (Swamp:1)
  Erolcha (D:12)
  6 hydras
  An ogre mage (D:15)
  A catoblepas (D:13)
  4 boulder beetles
  Erica (D:8)
  12 two-headed ogres
  2 dancing weapons (D:14)
  2 alligators (Swamp:1)
  3 centaur warriors
  6 death yaks (Lair:5)
  2 tengu warriors (D:15)
  A satyr (shapeshifter) (Lair:5)
  5 orc high priests
  3 thrashing horrors (Lair:5)
  Sonja (Lair:1)
  8 skeletal warriors
  2 spriggan druids (Swamp:1)
  A death drake (Swamp:1)
  A swamp dragon (Swamp:1)
  4 lindwurms (Volcano)
  4 deep elf pyromancers
  8 ugly things
  Pikel (D:5)
  2 orc sorcerers (Orc:2)
  7 orc knights
  2 manticores
  A will-o-the-wisp (Swamp:1)
  2 cyclopes
  2 slime creatures (D:15)
  14 elephants
  Maurice (D:11)
  8 centaur zombies (D:11)
  A molten gargoyle (Lair:2)
  4 smoke demons
  A gargoyle (D:14)
  5 black mambas
  12 cane toads
  9 komodo dragons
  A kobold demonologist (D:12)
  2 rime drakes
  2 ancient zymes
  15 trolls
  5 polar bears
  2 tyrant leeches (Swamp:1)
  A bloated husk (Swamp:1)
  7 hornets
  15 blink frogs
  A polar bear (shapeshifter) (D:15)
  6 dream sheep (Lair:5)
  4 centaur simulacra (D:10)
  6 shadows
  9 spriggans
  6 wraiths
  A ynoxinul (Lair:5)
  A wyvern (D:8)
  4 vampires
  27 yaks
  10 basilisks
  2 chaos spawn (Lair:5)
  Eustachio (D:6)
  2 fire bats (Lair:2)
  13 vampire mosquitoes
  4 steam dragons (Volcano)
  4 wargs
  4 swamp worms (Swamp:1)
  12 water moccasins
  2 hell hounds (Volcano)
  4 large abominations (Lair:5)
  4 sky beasts
  A swamp drake (Swamp:1)
  43 orc warriors
  4 black bears
  5 ice beasts
  23 wolves
  14 ogres
  13 centaurs
  3 kobold brigands
  2 necrophages
  7 bullfrogs
  A gnoll sergeant (D:5)
  4 scorpions
  3 wights (D:9)
  8 small abominations (Lair:5)
  7 electric eels
  2 howler monkeys (D:13)
  17 jellies
  A lava snake (Lair:2)
  11 hounds
  18 orc priests
  3 iguanas
  A gnoll bouda (D:4)
  22 orc wizards
  3 hell rats (Lair:5)
  Ijyb (D:3)
  Robin (D:3)
  12 gnolls
  4 adders
  8 river rats (Lair:5)
  4 white imps
  An ufetubus (D:10)
  6 worms
  2 dart slugs (D:1)
  95 orcs
  7 ball pythons
  6 bats
  9 endoplasms
  4 giant cockroaches
  19 goblins
  12 hobgoblins
  20 kobolds
  A quokka (D:4)
  4 frilled lizards
  9 rats
776 creatures vanquished.

Vanquished Creatures (others)
  A hydra (Swamp:1)
  An ogre mage (D:13)
  A manticore (D:15)
  2 briar patches (Swamp:1)
  A bush (Lair:5)
  79 fungi
  59 plants
  3 withered plants (D:11)
147 creatures vanquished.

Grand Total: 923 creatures vanquished

Notes
Turn   | Place    | Note
-------+----------+-------------------------------------------
     0 | D:1      | voltaire321 the Gnoll Hunter began the quest for the Orb.
     0 | D:1      | Reached XP level 1. HP: 20/20 MP: 1/1
   250 | D:1      | Reached XP level 2. HP: 26/26 MP: 2/2
   823 | D:1      | Reached XP level 3. HP: 31/31 MP: 3/3
  1063 | D:2      | Found Iwobru's Magic Scroll Emporium.
  1069 | D:2      | Bought a scroll of identify for 22 gold pieces
  1069 | D:2      | Bought a scroll of teleportation for 33 gold pieces
  1154 | D:2      | Reached skill level 1 in Invocations
  1264 | D:2      | Reached skill level 1 in Short Blades
  1264 | D:2      | Reached skill level 1 in Long Blades
  1264 | D:2      | Reached skill level 1 in Axes
  1264 | D:2      | Reached skill level 1 in Maces & Flails
  1264 | D:2      | Reached skill level 1 in Polearms
  1264 | D:2      | Reached skill level 1 in Staves
  1264 | D:2      | Reached skill level 1 in Throwing
  1264 | D:2      | Reached skill level 1 in Armour
  1264 | D:2      | Reached skill level 1 in Shields
  1264 | D:2      | Reached skill level 1 in Unarmed Combat
  1264 | D:2      | Reached skill level 1 in Spellcasting
  1264 | D:2      | Reached skill level 1 in Evocations
  1303 | D:2      | Reached XP level 4. HP: 28/38 MP: 3/5
  1400 | D:2      | You fall into a shaft and drop 2 floors!
  1548 | D:3      | Found the +4 robe of Augmentation {Str+4 Int+4 Dex+4}
  1619 | D:3      | Reached skill level 1 in Conjurations
  1619 | D:3      | Reached skill level 1 in Hexes
  1619 | D:3      | Reached skill level 1 in Summonings
  1619 | D:3      | Reached skill level 1 in Necromancy
  1619 | D:3      | Reached skill level 1 in Translocations
  1619 | D:3      | Reached skill level 1 in Transmutations
  1619 | D:3      | Reached skill level 1 in Fire Magic
  1619 | D:3      | Reached skill level 1 in Ice Magic
  1619 | D:3      | Reached skill level 1 in Air Magic
  1619 | D:3      | Reached skill level 1 in Earth Magic
  1619 | D:3      | Reached skill level 1 in Poison Magic
  1805 | D:2      | Reached XP level 5. HP: 43/43 MP: 7/7
  1932 | D:3      | Noticed Robin
  2015 | D:3      | Noticed Ijyb
  2019 | D:3      | Killed Ijyb
  2379 | D:3      | Killed Robin
  2753 | D:4      | Reached XP level 6. HP: 50/50 MP: 8/8
  2764 | D:4      | Reached skill level 5 in Fighting
  2764 | D:4      | Reached skill level 5 in Dodging
  3103 | D:4      | Reached XP level 7. HP: 56/56 MP: 10/10
  3392 | D:5      | Entered Level 5 of the Dungeon
  3466 | D:5      | Found a staircase to the Ecumenical Temple.
  3473 | Temple   | Entered the Ecumenical Temple
  3506 | Temple   | Became a worshipper of Makhleb the Destroyer
  3611 | D:5      | Found a basalt altar of Yredelemnul.
  3719 | D:5      | Reached skill level 9 in Ranged Weapons
  3945 | D:5      | Reached XP level 8. HP: 63/63 MP: 12/12
  4024 | D:5      | Learned a level 2 spell: Passwall
  4234 | D:5      | Noticed Pikel
  4253 | D:5      | Killed Pikel
  4647 | D:6      | Found a white marble altar of Elyvilon.
  4647 | D:6      | Found an iron altar of Okawaru.
  4871 | D:6      | Noticed Eustachio
  4891 | D:6      | Killed Eustachio
  4892 | D:6      | Reached XP level 9. HP: 63/69 MP: 11/15
  4963 | D:6      | Found a hazy altar of Hepliaklqana.
  4969 | D:6      | Found a bloodstained altar of Trog.
  5126 | D:6      | Found an ornate altar of the Wu Jian Council.
  5130 | D:6      | Found a blossoming altar of Fedhas.
  5133 | D:6      | Found a radiant altar of Vehumet.
  5133 | D:6      | Found a stormy altar of Qazlal.
  5140 | D:6      | Found a sacrificial altar of Ru.
  5287 | D:7      | Reached * piety under Makhleb
  5337 | D:7      | Reached skill level 5 in Stealth
  5370 | D:7      | Noticed a troll
  5382 | D:7      | Killed a troll
  5383 | D:7      | Reached skill level 5 in Invocations
  6054 | D:8      | Reached skill level 5 in Short Blades
  6054 | D:8      | Reached skill level 5 in Long Blades
  6054 | D:8      | Reached skill level 5 in Axes
  6054 | D:8      | Reached skill level 5 in Maces & Flails
  6054 | D:8      | Reached skill level 5 in Polearms
  6054 | D:8      | Reached skill level 5 in Staves
  6054 | D:8      | Reached skill level 5 in Throwing
  6054 | D:8      | Reached skill level 5 in Armour
  6054 | D:8      | Reached skill level 5 in Shields
  6054 | D:8      | Reached skill level 5 in Unarmed Combat
  6054 | D:8      | Reached skill level 5 in Spellcasting
  6054 | D:8      | Reached skill level 5 in Evocations
  6054 | D:8      | Reached XP level 10. HP: 77/77 MP: 15/17
  6059 | D:8      | Reached skill level 10 in Ranged Weapons
  6072 | D:8      | Reached ** piety under Makhleb
  6593 | D:8      | Found a staircase to the Lair.
  6793 | D:8      | Noticed Erica
  6800 | D:8      | Killed Erica
  7410 | D:9      | Reached *** piety under Makhleb
  7566 | D:9      | Noticed a two-headed ogre
  7574 | D:9      | Killed a two-headed ogre
  7642 | D:9      | Noticed a two-headed ogre
  7648 | D:9      | Killed a two-headed ogre
  7649 | D:9      | Reached skill level 5 in Conjurations
  7649 | D:9      | Reached skill level 5 in Hexes
  7649 | D:9      | Reached skill level 5 in Summonings
  7649 | D:9      | Reached skill level 5 in Necromancy
  7649 | D:9      | Reached skill level 5 in Translocations
  7649 | D:9      | Reached skill level 5 in Transmutations
  7649 | D:9      | Reached skill level 5 in Fire Magic
  7649 | D:9      | Reached skill level 5 in Ice Magic
  7649 | D:9      | Reached skill level 5 in Air Magic
  7649 | D:9      | Reached skill level 5 in Earth Magic
  7649 | D:9      | Reached skill level 5 in Poison Magic
  7649 | D:9      | Reached XP level 11. HP: 79/85 MP: 17/20
  8325 | D:10     | Entered Level 10 of the Dungeon
  8407 | D:10     | Found a flagged portal.
  8416 | Bailey   | Entered a bailey
  8589 | Bailey   | Reached **** piety under Makhleb
  9115 | Bailey   | Noticed an orc knight
  9115 | Bailey   | Noticed an orc knight
  9132 | Bailey   | Killed an orc knight
  9137 | Bailey   | Killed an orc knight
  9186 | D:10     | Reached skill level 11 in Ranged Weapons
  9186 | D:10     | Reached XP level 12. HP: 94/94 MP: 21/23
  9478 | D:10     | Noticed Josephine
  9830 | D:10     | Identified the +9 dagger of Hemos {vorpal, *Noise rN++
                  | Str+4 Int+3}
  9843 | D:10     | Killed Josephine
 10045 | D:10     | Reached ***** piety under Makhleb
 10401 | Lair:1   | Entered Level 1 of the Lair of Beasts
 10421 | Lair:1   | Reached XP level 13. HP: 101/101 MP: 24/24
 10601 | Lair:1   | Noticed Sonja
 10604 | Lair:1   | Killed Sonja
 12518 | Lair:2   | Noticed a fire dragon
 12527 | Lair:2   | Killed a fire dragon
 12533 | Lair:2   | Reached skill level 12 in Ranged Weapons
 12642 | Lair:2   | Got Easy Spellcraft
 12643 | Lair:2   | Identified the +1 pair of gloves "Ziragake" {Rampage rPois
                  | Will- Int+3}
 12645 | Lair:2   | Identified the +4 arbalest of Proximity {penet, rPois rC+
                  | Will+}
 12976 | Lair:2   | Found a staircase to the Swamp.
 13289 | Lair:3   | Learned a level 3 spell: Frozen Ramparts
 13293 | Lair:3   | Learned a level 3 spell: Swiftness
 13297 | Lair:3   | Learned a level 3 spell: Portal Projectile
 13440 | Lair:3   | Reached skill level 10 in Fighting
 13440 | Lair:3   | Reached skill level 10 in Dodging
 13804 | Lair:3   | Found a staircase to the Snake Pit.
 14015 | Lair:4   | Found a dark tunnel.
 14024 | Volcano  | Entered a volcano
 14102 | Volcano  | Reached XP level 14. HP: 51/110 MP: 3/27
 14427 | Volcano  | Found the +2 cloak of the Thief {*Fog Slay-2 SInv Stlth+}
 14598 | Lair:4   | Reached skill level 10 in Invocations
 15386 | Lair:5   | Entered Level 5 of the Lair of Beasts
 15453 | Lair:5   | Found a staircase to the Slime Pits.
 16180 | Lair:5   | Reached ****** piety under Makhleb
 16226 | Lair:5   | Identified a scroll of acquirement
 16438 | Lair:5   | Reached skill level 10 in Stealth
 17298 | Lair:5   | Reached skill level 10 in Short Blades
 17298 | Lair:5   | Reached skill level 10 in Long Blades
 17298 | Lair:5   | Reached skill level 10 in Axes
 17298 | Lair:5   | Reached skill level 10 in Maces & Flails
 17298 | Lair:5   | Reached skill level 10 in Polearms
 17298 | Lair:5   | Reached skill level 10 in Staves
 17298 | Lair:5   | Reached skill level 10 in Throwing
 17298 | Lair:5   | Reached skill level 10 in Armour
 17298 | Lair:5   | Reached skill level 10 in Shields
 17298 | Lair:5   | Reached skill level 10 in Unarmed Combat
 17298 | Lair:5   | Reached skill level 10 in Spellcasting
 17298 | Lair:5   | Reached skill level 10 in Evocations
 17307 | Lair:5   | Reached skill level 13 in Ranged Weapons
 17307 | Lair:5   | Reached XP level 15. HP: 116/118 MP: 18/29
 17368 | Lair:5   | Found a corrupted altar of Lugonu.
 17368 | Lair:5   | Found a one-way gate to the infinite horrors of the Abyss.
 18617 | D:11     | Found a staircase to the Orcish Mines.
 19057 | D:11     | Noticed Maurice
 19065 | D:11     | Killed Maurice
 19359 | Orc:1    | Entered Level 1 of the Orcish Mines
 19601 | Orc:2    | Entered Level 2 of the Orcish Mines
 19756 | Orc:1    | Found Nide's Armour Boutique.
 19869 | Orc:2    | Found Isuat's Antique Armour Shoppe.
 19869 | Orc:2    | Noticed an orc warlord
 19964 | Orc:2    | Found a staircase to the Elven Halls.
 20171 | Orc:1    | Killed an orc warlord
 20580 | Orc:2    | Found Reyfepn's General Store.
 20602 | Orc:2    | Found Ofeonuif's Antique Weapon Shop.
 20855 | Orc:2    | Found Cintac's Jewellery Emporium.
 20863 | Orc:2    | Bought the amulet "Fuptysal" {Reflect Int+7 Dex+5 SH+5} for
                  | 746 gold pieces
 21168 | Orc:1    | Bought the +3 pair of boots "Uthrom" {Will+} for 417 gold
                  | pieces
 21179 | Orc:1    | Bought the +3 chain mail of Dopp {Will+ rCorr Str+4} for
                  | 599 gold pieces
 21195 | Orc:1    | Learned a level 4 spell: Olgreb's Toxic Radiance
 21200 | Orc:1    | Acquired the ring of Kadaedair {rElec rC+ Str+3}
 21703 | D:12     | Noticed Erolcha
 21766 | D:12     | Killed Erolcha
 22816 | D:13     | Reached XP level 16. HP: 71/127 MP: 30/30
 23832 | D:14     | Learned a level 3 spell: Ignite Poison
 24022 | D:14     | Found a gate to the Vaults.
 24612 | D:15     | Entered Level 15 of the Dungeon
 25153 | D:15     | Found a blossoming altar of Fedhas.
 25224 | D:15     | Found a staircase to the Depths.
 26591 | D:15     | Reached skill level 14 in Ranged Weapons
 27320 | Swamp:1  | Entered Level 1 of the Swamp
 28197 | Swamp:1  | Found a transporter.
 28199 | Swamp:1  | Noticed a thorn hunter
 28202 | Swamp:1  | Noticed a thorn hunter
 28202 | Swamp:1  | Noticed a thorn hunter
 28216 | Swamp:1  | Found a transporter.
 28720 | Swamp:1  | Killed from afar by a thorn hunter

Illustrated notes

Levels and vault maps discovered:
D:1:      dpeg_arrival_erosion, layout_loops_corners, bh_walls_and_bars
D:2:      layout_rooms, serial_shops, shop_statue, kennysheep_generic_room_11
D:3:      layout_loops_cross, grunt_decor_fettered, roderic_roman_lattice,
          uniq_robin, uniq_ijyb
D:4:      layout_cave_pools
D:5:      layout_loops_cross, lemuel_tele_altar, temple_statues, uniq_pikel
D:6:      nicolae_cairo_tiling_large, layout_cave_pools,
          nicolae_overflow_hallway_of_the_gods, gammafunk_temple_overflow_pools,
          mainiacjoe_overflow_large_starburst, minmay_misc_feat_cross,
          uniq_eustachio
D:7:      layout_basic
D:8:      layout_loops_corners, erik_lair_island, uniq_erica
D:9:      layout_stronghold
D:10:     layout_roguey, serial_ice, serial_ice_l, serial_ice_d, serial_ice_o,
          serial_ice_m, serial_ice_n, serial_ice_a, serial_ice_b, serial_ice_c,
          serial_ice_h, serial_ice_g, enter_bailey_5, uniq_josephine
D:11:     layout_gridville, hiddenorc1_lemuel, serial_undead, serial_undead_f,
          serial_undead_e, serial_undead_b, serial_undead_a,
          minmay_misc_feat_enclosed, uniq_maurice
D:12:     layout_long_grid, uniq_erolcha
D:13:     layout_stronghold, hangedman_decor_riveting
D:14:     layout_rooms, erik_vaults_1
D:15:     grunt_enter_depths_snipers, layout_basic, fedhas_altar_fruit_tree,
          special_room [special_room_orc], gauntlet_entry_generic
Temple:   nicolae_temple_godzebo
Lair:1:   layout_long_grid, st_stairs_7, uniq_sonja
Lair:2:   dragon1_lemuel, layout_gridlike, palyth_hydra_swamp_entry
Lair:3:   layout_chaotic_city, dummy_snake_entry, beast_lair_carwin_5,
          infiniplex_staircase_pool
Lair:4:   layout_regular_city, enter_volcano_2
Lair:5:   hellmonk_lair_end_abyssal_woods, layout_regular_city,
          minmay_slime_entry_jelly_boxes, kennysheep_abandoned_house,
          grunt_megastairs_2
Swamp:1:  gammafunk_sealed_arena, layout_basic_swamp, hangedman_swamp_ruin_wall
Orc:1:    layout_diamond_mine, serial_shops, shop
Orc:2:    grunt_orc_gardens, layout_diamond_mine, grunt_orc_garden,
          grunt_orc_garden, grunt_orc_garden, grunt_orc_garden,
          lightli_orcish_oven

Skill      XL: |  1  2  3  4  5  6  7  8  9 10 11 12 13 14 15 16 |
---------------+-------------------------------------------------+-----
Invocations    | 1 2 3 4 5 6 8 9 10 11 12 | 12.5
Short Blades   | 1 2 3 4 5 6 7 9 10 11 | 11.5
Long Blades    | 1 2 3 4 5 6 7 9 10 11 | 11.5
Axes           | 1 2 3 4 5 6 7 9 10 11 | 11.5
Maces & Flails | 1 2 3 4 5 6 7 9 10 11 | 11.5
Polearms       | 1 2 3 4 5 6 7 9 10 11 | 11.5
Staves         | 1 2 3 4 5 6 7 9 10 11 | 11.5
Throwing       | 1 2 3 4 5 6 7 9 10 11 | 11.5
Armour         | 1 2 3 4 5 6 7 9 10 11 | 11.5
Shields        | 1 2 3 4 5 6 7 9 10 11 | 11.5
Unarmed Combat | 1 2 3 4 5 6 7 9 10 11 | 11.5
Spellcasting   | 1 2 3 4 5 6 7 9 10 11 | 11.5
Evocations     | 1 2 3 4 5 6 7 9 10 11 | 11.5
Conjurations   | 1 2 3 4 5 6 7 8 9 |  9.8
Hexes          | 1 2 3 4 5 6 7 8 9 |  9.8
Summonings     | 1 2 3 4 5 6 7 8 9 |  9.8
Necromancy     | 1 2 3 4 5 6 7 8 9 |  9.8
Translocations | 1 2 3 4 5 6 7 8 9 |  9.8
Transmutations | 1 2 3 4 5 6 7 8 9 |  9.8
Fire Magic     | 1 2 3 4 5 6 7 8 9 |  9.8
Ice Magic      | 1 2 3 4 5 6 7 8 9 |  9.8
Air Magic      | 1 2 3 4 5 6 7 8 9 |  9.8
Earth Magic    | 1 2 3 4 5 6 7 8 9 |  9.8
Poison Magic   | 1 2 3 4 5 6 7 8 9 |  9.8
Stealth        | 3 4 5 6 7 8 9 10 11 | 11.8
Fighting       | 5 6 7 8 9 10 11 12 | 12.4
Dodging        | 5 6 7 8 9 10 11 12 | 12.4
Ranged Weapons | 9 10 11 12 13 14 | 14.1

Action                   |  1- 3 |  4- 6 |  7- 9 | 10-12 | 13-15 | 16-18 || total
-------------------------+-------+-------+-------+-------+-------+-------++-------
Melee: Short sword       |       |       |   133 |       |       |       ||   133
       Bite              |       |       |    19 |    13 |    56 |    47 ||   135
       Punch             |       |       |     7 |     3 |       |       ||    10
       Scimitar          |       |       |       |    67 |     2 |       ||    69
       Triple sword      |       |       |       |    39 |   345 |   186 ||   570
       Arbalest          |       |       |       |       |     3 |       ||     3
 Fire: Shortbow          |    91 |   209 |   176 |   311 |       |       ||   787
       Triple crossbow   |       |       |       |    57 |    60 |       ||   117
       Arbalest          |       |       |       |       |   746 |   191 ||   937
Throw: Dart              |       |       |     1 |       |       |       ||     1
 Cast: Portal Projectile |       |       |       |       |     3 |       ||     3
       Frozen Ramparts   |       |       |       |       |     6 |     4 ||    10
       Swiftness         |       |       |       |       |       |     2 ||     2
Evoke: Wand              |       |     1 |     8 |    16 |    13 |     1 ||    39
  Use: Scroll            |       |       |    12 |     4 |    21 |     1 ||    38
       Potion            |       |       |       |     2 |     4 |     2 ||     8
 Stab: Paralysed         |       |       |     3 |       |     2 |       ||     5
       Sleeping          |       |       |     3 |     3 |     1 |       ||     7
Armor: Leather armour    |     4 |     1 |       |       |       |       ||     5
       Robe              |       |    54 |    49 |    39 |       |       ||   142
       Ring mail         |       |       |       |    49 |   326 |       ||   375
       Chain mail        |       |       |       |       |    46 |   218 ||   264
Dodge: Dodged            |    11 |   119 |   129 |   307 |  1117 |   328 ||  2011
Block: Other             |       |       |       |       |    27 |    96 ||   123
       Reflection        |       |       |       |       |       |     6 ||     6
